Unix NetHack Version 5.0.0-0 post-release - last build May 23 2026 06:08:33 (1c0ff79ee797540d5714e4e18072db0edd9e58ae,branch:main).

Game began 2026-05-24 00:42:59, ended 2026-05-24 00:48:52.

ArrBianca, chaotic female gnomish Cavewoman

                                                               -.---
                                                               |..<|
                                                               ----|
                                                               |...|
                                                               -----

ArrBianca the Aborigine  St:16 Dx:18 Co:14 In:9 Wi:10 Ch:6  Chaotic
Dlvl:4  $:181 HP:0(25) Pw:9(9) AC:8  Xp:3 T:1161  Burdened

Latest messages:
 You kill the green mold!
 The door opens.
 You kill the acid blob!
 You see here an acid blob corpse.
 There is an acid blob corpse here; eat it? [ynq] (n) y
 You have a very bad case of stomach acid.
 You finish eating the acid blob corpse.
 You hear bubbling water.
 You hear someone cursing shoplifters.
 That door is closed.
 The door opens.
 You see here 8 crossbow bolts.
 You find a hidden door.
 The acid blob oozes under the door.
 You miss the acid blob.
 You kill the acid blob!
 You are splashed by the acid blob's acid!
 The door opens.
 The bat bites!
 The bat misses!
 You miss the bat.
 The bat misses!
 You kill the bat!
 Welcome to experience level 3.
 The bat bites!
 The bat bites!
 The bat just misses!
 You miss the bat.
 The bat bites!
 The bat just misses!
 You kill the bat!
 You see here a bat corpse.
 The gecko bites!
 The gecko bites!
 You hit the gecko.
 The gecko bites!
 You kill the gecko!
 You hear a slow drip.
 You have a little trouble lifting $ - 16 gold pieces (174 in total).
 You hear the splashing of a naiad.
 You fall down the stairs.
 You have a little trouble lifting $ - 7 gold pieces (181 in total).
 You have a little trouble lifting q - a curved wand.
 What do you want to zap? [q or ?*] q
 In what direction? h
 The bolt of fire bounces!
 The bolt of fire hits you!
 Your leather armor smoulders!
 You die...
 Do you want your possessions identified? [ynq] (y) q

Inventory:
 Coins    ('$')
  $ - 181 gold pieces
 Weapons  (')')
  b - a +2 sling (alternate weapon; not wielded)
  a - a +1 club (weapon in right hand)
  g - a +2 war hammer
 Armor    ('[')
  f - a cursed -1 helm of opposite alignment (being worn)
  e - an uncursed burnt +0 leather armor (being worn)
 Scrolls  ('?')
  p - an uncursed scroll of identify
 Potions  ('!')
  j - 3 uncursed potions of healing
  l - an uncursed potion of see invisible
  i - an uncursed potion of speed
 Wands    ('/')
  q - a wand of fire (0:4)
 Gems/Stones  ('*')
  c - 19 uncursed flint stones (in quiver pouch)
  d - 25 uncursed rocks

ArrBianca the Cavewoman's attributes:

Background:
 You were an Aborigine, a level 3 gnomish Cavewoman.
 You were chaotic, temporarily on a mission for Anshar
 who was opposed by Anu (lawful) and Ishtar (neutral).
 You were actually neutral.
 You were right-handed.
 You were in the Dungeons of Doom, on level 4.
 You entered the dungeon 1161 turns ago.
 It was the midnight hour.
 You had 53 experience points, 27 more were needed to attain level 4.

Basics:
 You had 0 out of 25 hit points.
 You had all 9 energy points (spell power).
 Your armor class was 9.
 Your wallet contained 181 zorkmids.
 Autopickup was on for '$?!/="+%' plus thrown, with exceptions.

Final Characteristics:
 Your strength was 16 (peak:18, limit:18/50).
 Your dexterity was 18 (limit:18).
 Your constitution was 14 (limit:18).
 Your intelligence was 9 (limit:19).
 Your wisdom was 10 (limit:18).
 Your charisma was 6 (limit:18).

Final Status:
 You weren't hungry.
 You were burdened; movement was slightly slowed.
 You were wielding a club.
 You had basic skill with club.

Final Attributes:
 You were devoutly aligned.
 You had infravision.
 You were warded.
 You are dead.

Miscellaneous:
 You didn't encounter any bones levels.
 Total elapsed playing time was 5 minutes and 53 seconds.

Major events:
 Turn
    1: ArrBianca the neutral gnomish Cavewoman entered the dungeon
 1127: attained the rank of Aborigine (level 3)
 1161: killed by a bolt of fire zapped by herself

You didn't know any spells.

Skills:
 Fighting Skills
   bare handed combat [Basic]
 Weapon Skills
   dagger             [Unskilled]
   knife              [Unskilled]
   axe                [Unskilled]
   pick-axe           [Unskilled]
   club               [Basic]
   mace               [Unskilled]
   morning star       [Unskilled]
   flail              [Unskilled]
   hammer             [Unskilled]
   quarterstaff       [Unskilled]
   polearms           [Unskilled]
   spear              [Unskilled]
   trident            [Unskilled]
   bow                [Unskilled]
   sling              [Basic]
   boomerang          [Unskilled]
   unicorn horn       [Unskilled]
 Spellcasting Skills
   attack spells      [Unskilled]
   matter spells      [Unskilled]

Voluntary challenges:
 Character rerolling was not enabled.
 You were illiterate.
 You never had a pet.
 You never genocided any monsters.
 You never polymorphed an object.
 You never changed form.
 You used no wishes.
Achievements:
 You entered a shop.
 You attained the rank of Aborigine.

 The Dungeons of Doom: levels 1 to 4
    Level 1:
       An altar, a fountain.
    Level 2:
       A general store.
    Level 3:
       A general store, a fountain, a sink.
    Level 4: <- You were here.
       Final resting place for
          you, killed by a bolt of fire zapped by yourself.


Vanquished creatures:
  3 acid blobs
  a green mold
  a gecko
  5 jackals
  a kobold
  2 grid bugs
  2 bats
  2 lichens
  2 kobold zombies
19 creatures vanquished.

No species were genocided or became extinct.

Game over:
                       ----------
                      /          \
                     /    REST    \
                    /      IN      \
                   /     PEACE      \
                  /                  \
                  |    ArrBianca     |
                  |      181 Au      |
                  | killed by a bolt |
                  |  of fire zapped  |
                  |    by herself    |
                  |                  |
                  |       2026       |
                 *|     *  *  *      | *
        _________)/\\_//(\/(/\)/\//\/|_)_______

Goodbye ArrBianca the Cavewoman...

You died in The Dungeons of Doom on dungeon level 4 with 535 points,
and 181 pieces of gold, after 1161 moves.
You were level 3 with a maximum of 25 hit points when you died.

